 Dungeon Crawl Stone Soup version 0.31-a0-214-gb37851dbb3 (webtiles) character file.

Game seed: 4406336384491703553

7206 qw the Cleaver (level 11, -1/71 HPs)
             Began as a Gargoyle Fighter on July 1, 2023.
             Slain by a kobold brigand
             ... wielding a +1 dagger of electrocution
              (5 damage)
             ... on level 10 of the Dungeon.
             The game lasted 00:04:29 (9535 turns).

qw the Cleaver (Gargoyle Fighter)                   Turns: 9535, Time: 00:04:29

Health: -1/71      AC:  5    Str: 24      XL:     11   Next: 11%
Magic:  11/11      EV:  7    Int:  9      God:
Gold:   115        SH:  4    Dex:  8 (9)  Spells: 10/10 levels left

rFire   + . .        s - +4 broad axe (flame)
rCold   . . .        c - +0 buckler
rNeg    + . .        m - +0 plate armour
rPois   inf          o - +1 helmet
rElec   +            (no cloak)
rCorr   .            (no gloves)
SInv    .            k - +0 pair of boots
Will    .....        (no amulet) Stlth
                     l - ring of protection from fire
HPRegen 0.31/turn    (no ring)
MPRegen 0.12/turn

%: no passive effects
@: corroded
A: sickness immunity, AC +8, negative energy resistance 1, electricity
resistance, torment resistance 1, petrification resistance
a: no special abilities


You were on level 10 of the Dungeon.
You visited 2 branches of the dungeon, and saw 11 of its levels.
You also visited: Ossuary.

You collected 449 gold pieces.
You spent 334 gold pieces at shops.


Innate Abilities, Weirdness & Mutations

You are immune to sickness and miasma.
Your stone body is resilient. (AC +8)
You are immune to poison.
You resist negative energy. (rN+)
You are resistant to electric shocks. (rElec)
You are resistant to unholy torment.
You are immune to petrification.


   Skills:
 - Level 9.0 Fighting
 + Level 11.4 Axes
 - Level 1.3 Throwing
 - Level 8.1 Armour
 - Level 1.8 Dodging
 - Level 5.6 Shields


You had 10 spell levels left.
You didn't know any spells.
Your spell library was empty.

Inventory:

Hand Weapons
 s - a +4 broad axe of flaming (weapon)
Armour
 c - a +0 buckler (worn)
 k - a +0 pair of boots (worn)
 m - a +0 plate armour (worn)
 o - a +1 helmet (worn)
 t - +0 acid dragon scales
Jewellery
 l - a ring of protection from fire (left hand)
Wands
 j - a wand of digging (6)
Scrolls
 a - 5 scrolls of identify
Potions
 d - 3 potions of might
 g - 4 potions of lignification
 i - 4 potions of enlightenment
 n - a potion of mutation
 p - 2 potions of attraction
 q - 2 potions of curing
 r - a potion of haste

Dungeon Overview and Level Annotations

Branches:
Dungeon (10/15)            Temple (1/1) D:5            Lair (0/5) D:9
Ossuary (visited)
    Orc: D:9-12

Altars:
Ashenzari
Cheibriados
Dithmenos
Elyvilon
Fedhas
Gozag
Hepliaklqana
Kikubaaqudgha
Makhleb
Nemelex Xobeh
Okawaru
Ru
Sif Muna
Trog
Uskayaw
Vehumet
Wu Jian
Xom
Yredelemnul
Zin
The Shining One

Shops:
D:1 :   D:4 *   D:8 (*:   D:9 [

Annotations:
D:7 2 runed translucent doors
D:9 1 runed translucent door, qw's ghost, journeyman GrFi


Message History

The killer bee stings you but does no damage.
The killer bee stings you!
The kobold brigand hits you with a +1 dagger of electrocution.
The kobold barely misses you.
You slash the killer bee! You burn the killer bee.
You kill the killer bee!
You miss the killer bee.
You hit the killer bee but do no damage.
You closely miss the killer bee. You barely miss the kobold brigand.
You closely miss the killer bee. You slash the kobold! You burn the kobold.
You kill the kobold!
The killer bee barely misses you. The killer bee closely misses you.
The killer bee stings you. The killer bee closely misses you.
The killer bee stings you but does no damage.
The killer bee stings you. The killer bee barely misses you.
The killer bee stings you but does no damage.
You block the kobold brigand's attack.
You closely miss the killer bee.
The killer bee is heavily wounded.
You barely miss the killer bee.
You hit the killer bee but do no damage. x2
You closely miss the kobold brigand. You hit the kobold but do no damage.
You hear the faint creaking of a portcullis nearby.
The killer bee closely misses you.
The killer bee stings you but does no damage.
The killer bee stings you.
The killer bee stings you but does no damage.
A wolf comes into view.
The killer bee barely misses you. x2; The killer bee stings you.
You block the killer bee's attack. You block the kobold's attack.
The kobold brigand hits you with a +1 dagger of electrocution.
The killer bee stings you but does no damage.
The killer bee stings you. x2; The killer bee closely misses you.
The wolf moves out of view.
9535 ||| DRINKING potion of heal wounds.
You feel much better. The killer bee stings you! The killer bee stings you.
The killer bee stings you! The killer bee closely misses you.
The kobold hits you but does no damage.
The kobold brigand hits you with a +1 dagger of electrocution.
You die...

#....# #....#
#..?.#
#...[####
#........
..#####........
......yyK......
#.y@y......
#..K)......
#.....!....
###########


You could see a kobold brigand, 4 killer bees and a kobold.

Vanquished Creatures
  Harold (D:9)
  Amaemon (D:9)
  Pikel (D:7)
  An orange demon (D:9)
  Maggie (D:9)
  A komodo dragon (D:9)
  A shadow (D:6)
  A yak (D:9)
  2 steam dragons
  Menkaure (D:6)
  2 water moccasins (D:8)
  An orc warrior (D:9)
  A sky beast (D:7)
  3 ice beasts
  2 black bears
  4 centaurs
  A phantom (D:5)
  2 bullfrogs
  4 kobold brigands
  A gnoll sergeant (D:9)
  12 scorpions
  3 wights (D:6)
  3 killer bees
  A howler monkey (D:6)
  8 hounds
  A quasit (D:7)
  4 centaur zombies (Ossuary)
  2 jellies (D:6)
  A human zombie (Ossuary)
  9 orc priests
  A sleepcap (D:5)
  4 iguanas
  2 orc wizards
  Ijyb (D:3)
  A scorpion zombie (Ossuary)
  3 mummies (Ossuary)
  4 gnolls
  11 adders
  3 white imps (D:7)
  3 ufetubi
  2 dart slugs
  28 orcs
  2 bats
  6 endoplasms
  5 giant cockroaches
  6 goblins
  8 hobgoblins
  2 quokkas
  5 ball pythons
  4 frilled lizards
  A gnoll zombie (Ossuary)
  2 goblin zombies (Ossuary)
  3 hobgoblin zombies (Ossuary)
  18 kobolds
  3 kobold zombies (Ossuary)
  4 rats
208 creatures vanquished.

Notes
Turn   | Place    | Note
-------+----------+-------------------------------------------
     0 | D:1      | qw the Gargoyle Fighter began the quest for the Orb.
     0 | D:1      | Reached XP level 1. HP: 14/14 MP: 1/1
     0 | D:1      | 0 ||| qw: Version: 0.3-a-32-g5962c71
     0 | D:1      | 0 ||| qw: Game counter: 7465
     0 | D:1      | 0 ||| qw: Melee chars always use a shield: true
     0 | D:1      | 0 ||| qw: God list: Okawaru
     0 | D:1      | 0 ||| qw: Allow faded altars: false
     0 | D:1      | 0 ||| qw: Do Orc after clearing Dungeon:15 true
     0 | D:1      | 0 ||| qw: Do second Lair branch before Depths: true
     0 | D:1      | 0 ||| qw: Lair rune preference: random
     0 | D:1      | 0 ||| qw: Goals: Normal, Zot:1-4, Slime:5, God:TSO, Crypt,
                  | Tomb, Abyss, Pan, Hells, Win
     0 | D:1      | 0 ||| PLANNING D:1-11
    47 | D:1      | Reached skill level 2 in Axes
    47 | D:1      | Reached XP level 2. HP: 19/19 MP: 2/2
    57 | D:1      | Found Cioxir's Book Boutique.
   335 | D:1      | Reached skill level 3 in Axes
   416 | D:1      | Reached XP level 3. HP: 15/23 MP: 3/3
   561 | D:1      | 561 ||| UPGRADING to +0 chain mail.
   571 | D:1      | 571 ||| DROPPING +0 scale mail.
   572 | D:1      | 572 ||| UPGRADING to +0 pair of boots.
   577 | D:1      | 577 ||| UPGRADING to +0 plate armour.
   587 | D:1      | 587 ||| DROPPING +0 chain mail.
   588 | D:1      | 588 ||| READING scroll labelled UMASSE OLIAW.
   589 | D:1      | 589 ||| READING scroll labelled ULUDDE ITWUETZ.
   590 | D:1      | 590 ||| READING scroll labelled OPE OSUSHROAJ.
   606 | D:1      | 606 ||| READING scroll labelled CEKLUA NINWUVO.
   607 | D:1      | 607 ||| DRINKING 2 smoky red potions.
   835 | D:2      | 835 ||| Stepping ~*~*~tactically~*~*~ (hiding).
  1001 | D:2      | 1001 ||| Stepping ~*~*~tactically~*~*~ (stealth).
  1275 | D:2      | 1275 ||| READING scroll labelled LOOSO JEOV.
  1276 | D:2      | 1276 ||| READING scroll labelled YLUMEAREDA.
  1277 | D:2      | 1277 ||| DRINKING 2 fizzy clear potions.
  1278 | D:2      | 1278 ||| READING 4 scrolls of identify.
  1278 | D:2      | 1278 ||| IDENTIFYING golden potion
  1297 | D:3      | 1297 ||| Stepping ~*~*~tactically~*~*~ (hiding).
  1298 | D:3      | 1298 ||| Stepping ~*~*~tactically~*~*~ (hiding).
  1469 | D:3      | Reached skill level 4 in Axes
  1469 | D:3      | Reached XP level 4. HP: 16/28 MP: 4/4
  1577 | D:3      | 1577 ||| Stepping ~*~*~tactically~*~*~ (stealth).
  1591 | D:3      | 1591 ||| Stepping ~*~*~tactically~*~*~ (hiding).
  1594 | D:3      | 1594 ||| Stepping ~*~*~tactically~*~*~ (hiding).
  1756 | D:3      | Reached XP level 5. HP: 26/32 MP: 5/5
  1853 | D:3      | Found a faded altar of an unknown god.
  1957 | D:3      | 1957 ||| READING scroll of brand weapon.
  1957 | D:3      | 1957 ||| BRANDING +0 heavy war axe.
  1976 | D:3      | 1976 ||| Stepping ~*~*~tactically~*~*~ (stealth).
  2104 | D:3      | Noticed Ijyb
  2113 | D:3      | Killed Ijyb
  2114 | D:3      | Reached skill level 5 in Axes
  2234 | D:3      | 2234 ||| READING scroll labelled QUEXTIOC URUIQ.
  2235 | D:3      | 2235 ||| READING scroll labelled AHOG XALLABB.
  2236 | D:3      | 2236 ||| READING 5 scrolls of identify.
  2236 | D:3      | 2236 ||| IDENTIFYING pink potion
  2237 | D:3      | 2237 ||| DROPPING potion of ambrosia.
  2329 | D:4      | 2329 ||| DROPPING +0 mace.
  2439 | D:4      | Reached XP level 6. HP: 32/38 MP: 6/6
  2648 | D:4      | 2648 ||| Stepping ~*~*~tactically~*~*~ (hiding).
  3014 | D:4      | Found Poblif's Assorted Antiques.
  3024 | D:4      | 3024 ||| BUYING brass ring (130 gold).
  3024 | D:4      | Bought a brass ring for 130 gold pieces
  3024 | D:4      | 3024 ||| SHOPLISTING dented diamond amulet (130 gold, have
                  | 14).
  3024 | D:4      | 3024 ||| SHOPLISTING scroll labelled WEKHLAL YWYDA (26
                  | gold, have 14).
  3024 | D:4      | 3024 ||| SHOPLISTING scroll of identify (52 gold, have 14).
  3070 | D:4      | 3070 ||| Stepping ~*~*~tactically~*~*~ (hiding).
  3568 | D:4      | 3568 ||| UPGRADING to ring of protection from fire.
  3569 | D:4      | 3569 ||| READING 2 scrolls labelled LAIMABEH VULU.
  3570 | D:4      | 3570 ||| READING 4 scrolls of identify.
  3570 | D:4      | 3570 ||| IDENTIFYING purple potion
  3571 | D:4      | 3571 ||| READING 3 scrolls of identify.
  3571 | D:4      | 3571 ||| IDENTIFYING dark potion
  3572 | D:4      | 3572 ||| DROPPING scroll of immolation.
  3573 | D:4      | 3573 ||| DROPPING potion of brilliance.
  3601 | D:5      | Entered Level 5 of the Dungeon
  3602 | D:5      | 3602 ||| Stepping ~*~*~tactically~*~*~ (hiding).
  3603 | D:5      | 3603 ||| Stepping ~*~*~tactically~*~*~ (hiding).
  3604 | D:5      | 3604 ||| Stepping ~*~*~tactically~*~*~ (hiding).
  3617 | D:5      | Reached skill level 6 in Axes
  3722 | D:5      | Noticed an ice beast
  3727 | D:5      | Killed an ice beast
  3728 | D:5      | Reached XP level 7. HP: 43/43 MP: 7/7
  3730 | D:5      | Found a basalt altar of Yredelemnul.
  3886 | D:5      | 3886 ||| FLEEEEING.
  3888 | D:5      | 3888 ||| FLEEEEING.
  3889 | D:5      | 3889 ||| FLEEEEING.
  3891 | D:5      | 3891 ||| FLEEEEING.
  3893 | D:5      | 3893 ||| FLEEEEING.
  3894 | D:5      | 3894 ||| FLEEEEING.
  3895 | D:5      | 3895 ||| FLEEEEING.
  3896 | D:5      | 3896 ||| FLEEEEING.
  3897 | D:5      | 3897 ||| FLEEEEING.
  3898 | D:5      | 3898 ||| FLEEEEING.
  3899 | D:5      | 3899 ||| FLEEEEING.
  3900 | D:5      | 3900 ||| FLEEEEING.
  3901 | D:5      | 3901 ||| FLEEEEING.
  3902 | D:5      | 3902 ||| FLEEEEING.
  3903 | D:5      | 3903 ||| FLEEEEING.
  3904 | D:5      | 3904 ||| FLEEEEING.
  3905 | D:5      | 3905 ||| FLEEEEING.
  3906 | D:5      | 3906 ||| FLEEEEING.
  3910 | D:5      | 3910 ||| FLEEEEING.
  3911 | D:5      | 3911 ||| DRINKING potion of curing.
  3911 | D:5      | 3911 ||| (to cure confusion)
  3971 | D:5      | 3971 ||| DROPPING +0 flail.
  4185 | D:5      | Reached skill level 7 in Axes
  4255 | D:5      | Found a shimmering blue altar of Sif Muna.
  4324 | D:5      | Found a staircase to the Ecumenical Temple.
  4325 | D:5      | 4325 ||| PLANNING TEMPLE
  4325 | D:5      | 4325 ||| READING 3 scrolls labelled KOGI BOFEQ.
  4326 | D:5      | 4326 ||| READING 2 scrolls of enchant weapon.
  4326 | D:5      | 4326 ||| ENCHANTING +1 war axe of electrocution.
  4327 | D:5      | 4327 ||| READING scroll of enchant weapon.
  4327 | D:5      | 4327 ||| ENCHANTING +2 war axe of electrocution.
  4328 | D:5      | 4328 ||| READING scroll labelled OSIXKIYDWI.
  4329 | D:5      | 4329 ||| READING scroll labelled WEKHLAL YWYDA.
  4330 | D:5      | 4330 ||| READING 3 scrolls of identify.
  4330 | D:5      | 4330 ||| IDENTIFYING lumpy green potion
  4338 | Temple   | Entered the Ecumenical Temple
  4338 | Temple   | Found a transporter.
  4338 | Temple   | Found a transporter.
  4340 | Temple   | Found a transporter.
  4340 | Temple   | Found a transporter.
  4350 | Temple   | 4350 ||| PLANNING D:1-11
  4560 | D:5      | Reached XP level 8. HP: 46/48 MP: 8/8
  4630 | D:5      | 4630 ||| READING scroll labelled FEHUNICUUD.
  4666 | D:6      | Noticed Menkaure
  4672 | D:6      | Killed Menkaure
  4830 | D:6      | 4830 ||| Stepping ~*~*~tactically~*~*~ (stealth).
  4834 | D:6      | Reached skill level 1 in Dodging
  4842 | D:6      | Reached skill level 1 in Throwing
  4842 | D:6      | 4842 ||| FLEEEEING.
  4843 | D:6      | 4843 ||| FLEEEEING.
  4844 | D:6      | 4844 ||| FLEEEEING.
  4845 | D:6      | 4845 ||| FLEEEEING.
  4846 | D:6      | 4846 ||| FLEEEEING.
  4847 | D:6      | 4847 ||| FLEEEEING.
  4848 | D:6      | 4848 ||| FLEEEEING.
  4947 | D:6      | 4947 ||| Stepping ~*~*~tactically~*~*~ (hiding).
  5026 | D:6      | Found a blossoming altar of Fedhas.
  5101 | D:6      | Noticed a shadow
  5109 | D:6      | Killed a shadow
  5110 | D:6      | Reached skill level 8 in Axes
  5113 | D:6      | 5113 ||| FLEEEEING.
  5114 | D:6      | 5114 ||| FLEEEEING.
  5115 | D:6      | 5115 ||| FLEEEEING.
  5116 | D:6      | 5116 ||| FLEEEEING.
  5117 | D:6      | 5117 ||| FLEEEEING.
  5118 | D:6      | 5118 ||| FLEEEEING.
  5119 | D:6      | 5119 ||| FLEEEEING.
  5127 | D:6      | Reached skill level 6 in Fighting
  5198 | D:6      | Reached XP level 9. HP: 54/55 MP: 9/9
  5539 | D:6      | 5539 ||| Stepping ~*~*~tactically~*~*~ (hiding).
  5675 | D:6      | 5675 ||| UPGRADING to +0 helmet.
  5680 | D:6      | 5680 ||| READING scroll labelled AFOULOYGELL.
  5681 | D:6      | 5681 ||| READING scroll labelled JANOBALOLEPT.
  5682 | D:6      | 5682 ||| READING 2 scrolls of identify.
  5682 | D:6      | 5682 ||| IDENTIFYING white potion
  5706 | D:6      | Reached skill level 9 in Axes
  5759 | D:7      | Found a runed translucent door.
  5764 | D:7      | Found the +10 tower shield of Ignorance {rN+ Int-4}
  5795 | D:7      | 5795 ||| READING scroll of brand weapon.
  5795 | D:7      | 5795 ||| BRANDING +3 war axe of electrocution.
  5805 | D:7      | Noticed Pikel
  5818 | D:7      | Killed Pikel
  5914 | D:7      | 5914 ||| Stepping ~*~*~tactically~*~*~ (stealth).
  5974 | D:7      | Found an ancient bone altar of Kikubaaqudgha.
  6150 | D:7      | Reached skill level 6 in Armour
  6169 | D:7      | 6169 ||| Stepping ~*~*~tactically~*~*~ (hiding).
  6322 | D:7      | 6322 ||| Stepping ~*~*~tactically~*~*~ (stealth).
  6323 | D:7      | 6323 ||| Stepping ~*~*~tactically~*~*~ (stealth).
  6426 | D:7      | Found a runed translucent door.
  6429 | D:7      | Noticed an orange crystal statue
  6843 | D:7      | 6843 ||| DRINKING 2 glowing dark potions.
  6844 | D:7      | 6844 ||| DROPPING potion of degeneration.
  6881 | D:8      | Found Myadubu's Antique Weapon Shoppe.
  6882 | D:8      | 6882 ||| PLANNING OSSUARY
  6886 | D:8      | 6886 ||| BUYING glowing broad axe (140 gold).
  6886 | D:8      | Bought a glowing broad axe for 140 gold pieces
  6886 | D:8      | 6886 ||| SWAPPING to +1 heavy broad axe.
  6887 | D:8      | 6887 ||| DROPPING +3 war axe of venom.
  6963 | D:8      | Found Ineiji's Book Emporium.
  7200 | D:8      | Found a sand-covered staircase.
  7203 | D:8      | Found Tuozeroc's Assorted Antiques.
  7207 | Ossuary  | Entered an ossuary
  7258 | Ossuary  | Reached XP level 10. HP: 57/63 MP: 10/10
  7386 | Ossuary  | 7386 ||| READING scroll of enchant armour.
  7386 | Ossuary  | 7386 ||| ENCHANTING +0 helmet.
  7416 | Ossuary  | Reached skill level 10 in Axes
  7524 | Ossuary  | 7524 ||| Stepping ~*~*~tactically~*~*~ (stealth).
  7606 | Ossuary  | 7606 ||| READING 4 scrolls of identify.
  7606 | Ossuary  | 7606 ||| IDENTIFYING emerald potion
  7660 | D:8      | 7660 ||| PLANNING D:1-11
  7665 | D:8      | 7665 ||| SHOPLISTING potion of curing (96 gold, have 81).
  7665 | D:8      | 7665 ||| SHOPLISTING scroll of enchant weapon (240 gold,
                  | have 81).
  7665 | D:8      | 7665 ||| BUYING scroll of identify (64 gold).
  7665 | D:8      | Bought a scroll of identify for 64 gold pieces
  7726 | D:8      | Found a white marble altar of Elyvilon.
  7727 | D:8      | Found a snail-covered altar of Cheibriados.
  7728 | D:8      | Found a hazy altar of Hepliaklqana.
  7759 | D:8      | Found an iron altar of Okawaru.
  7974 | D:9      | Noticed Maggie
  7981 | D:9      | Killed Maggie
  8035 | D:9      | 8035 ||| SWAPPING to +4 broad axe of flaming.
  8036 | D:9      | 8036 ||| DROPPING +1 flail of protection.
  8037 | D:9      | 8037 ||| DROPPING +1 heavy broad axe.
  8076 | D:9      | Found a runed translucent door.
  8079 | D:9      | Noticed qw's ghost (journeyman GrFi)
  8122 | D:9      | HP: 14/64 [komodo dragon (19)]
  8123 | D:9      | 8123 ||| READING 2 scrolls of teleportation.
  8124 | D:9      | 8124 ||| DRINKING 6 potions of heal wounds.
  8272 | D:9      | 8272 ||| Stepping ~*~*~tactically~*~*~ (stealth).
  8273 | D:9      | 8273 ||| Stepping ~*~*~tactically~*~*~ (stealth).
  8409 | D:9      | Found a staircase to the Lair.
  8471 | D:9      | 8471 ||| Stepping ~*~*~tactically~*~*~ (hiding).
  8538 | D:9      | 8538 ||| Stepping ~*~*~tactically~*~*~ (hiding).
  8683 | D:9      | Noticed Amaemon
  8684 | D:9      | Noticed an orange demon
  8697 | D:9      | Killed Amaemon
  8698 | D:9      | Reached skill level 11 in Axes
  8701 | D:9      | Killed an orange demon
  8874 | D:9      | Reached skill level 9 in Fighting
  8904 | D:9      | 8904 ||| Stepping ~*~*~tactically~*~*~ (stealth).
  8906 | D:9      | 8906 ||| Stepping ~*~*~tactically~*~*~ (hiding).
  8907 | D:9      | 8907 ||| Stepping ~*~*~tactically~*~*~ (hiding).
  8908 | D:9      | 8908 ||| Stepping ~*~*~tactically~*~*~ (hiding).
  9021 | D:9      | Noticed Harold
  9022 | D:9      | 9022 ||| FLEEEEING.
  9027 | D:9      | 9027 ||| FLEEEEING.
  9028 | D:9      | 9028 ||| FLEEEEING.
  9029 | D:9      | 9029 ||| FLEEEEING.
  9035 | D:9      | 9035 ||| FLEEEEING.
  9036 | D:9      | 9036 ||| FLEEEEING.
  9041 | D:9      | 9041 ||| FLEEEEING.
  9042 | D:9      | 9042 ||| FLEEEEING.
  9043 | D:9      | 9043 ||| FLEEEEING.
  9044 | D:9      | 9044 ||| FLEEEEING.
  9045 | D:9      | 9045 ||| FLEEEEING.
  9046 | D:9      | 9046 ||| FLEEEEING.
  9047 | D:9      | 9047 ||| FLEEEEING.
  9048 | D:9      | 9048 ||| FLEEEEING.
  9049 | D:9      | 9049 ||| FLEEEEING.
  9050 | D:9      | 9050 ||| FLEEEEING.
  9071 | D:9      | Killed Harold
  9072 | D:9      | Reached XP level 11. HP: 66/71 MP: 11/11
  9317 | D:9      | 9317 ||| Stepping ~*~*~tactically~*~*~ (hiding).
  9345 | D:9      | Found Sosouc's Antique Armour Shoppe.
  9442 | D:9      | Identified the +6 trident of Virtue {freeze, rElec Int+2}
  9460 | D:9      | 9460 ||| DROPPING orb of light.
  9486 | D:10     | Entered Level 10 of the Dungeon
  9499 | D:10     | Noticed a soul eater
  9519 | D:10     | 9519 ||| READING scroll of teleportation.
  9527 | D:10     | HP: 13/71 [killer bee (5)]
  9528 | D:10     | 9528 ||| DRINKING 5 potions of heal wounds.
  9529 | D:10     | HP: 6/71 [killer bee (5)]
  9530 | D:10     | 9530 ||| DRINKING 4 potions of heal wounds.
  9531 | D:10     | 9531 ||| DRINKING 3 potions of heal wounds.
  9532 | D:10     | 9532 ||| DRINKING 2 potions of heal wounds.
  9534 | D:10     | HP: 16/71 [killer bee (3)]
  9534 | D:10     | HP: 6/71 [killer bee (5)]
  9535 | D:10     | 9535 ||| DRINKING potion of heal wounds.
  9535 | D:10     | Slain by a kobold brigand

Levels and vault maps discovered:
D:1:      wheals_arrival_linesprint, layout_rooms, serial_shops,
          nicolae_shop_tiny_waterfront
D:2:      layout_basic, minmay_misc_feat_doors, chequers_mini_garden
D:3:      layout_loops_cross, shapermc_ecumenical_altar_petra, uniq_ijyb
D:4:      layout_layer_cave, serial_shops, nicolae_square_shop
D:5:      layout_loops_ring, lemuel_crystal_altar, mainiacjoe_overflow_24_doors,
          minmay_temple_entry_statues_pillars
D:6:      minmay_opposing_rooms, layout_cave_pods,
          mainiacjoe_overflow_six_doors_small, uniq_menkaure
D:7:      layout_loops_corners, kiku_gazebo_pond_becter, serial_demonic,
          serial_demonic_e, serial_demonic_c, serial_demonic_a,
          serial_demonic_g, serial_demonic_g, chequers_guarded_unrand_ignorance,
          uniq_pikel
D:8:      layout_rooms, nicolae_overflow_quartered_altars,
          nicolae_ossuary_entry_ruins, serial_shops, shop, shop, shop,
          amethyst_killhole
D:9:      layout_roguey, grunt_lair_entry_orc_guard_hut,
          ebering_ghost_funeral_grove, st_stairs_1, nicolae_take_the_stairs,
          uniq_maggie, uniq_amaemon, uniq_harold
D:10:     layout_irregular_city, nicolae_qazlal_style_of_elements, serial_shops,
          nicolae_shop_pleasant_corner_grove, enter_bailey_3,
          nicolae_straight_to_the_point, uniq_sonja, uniq_grum
Temple:   hellmonk_temple_divided_pantheon

Skill      XL: |  1  2  3  4  5  6  7  8  9 10 |
---------------+-------------------------------+-----
Axes           | 2 3 4 5 6 7 8 9 11 | 11.4
Fighting       | 4 6 7 9 |  9.0
Armour         | 4 6 8 |  8.1
Dodging        | 1 |  1.8
Throwing       | 1 |  1.3
Shields        | 5 |  5.6

Action                     |  1- 3 |  4- 6 |  7- 9 | 10-12 || total
---------------------------+-------+-------+-------+-------++-------
  Melee: War axe           |    80 |   143 |   211 |       ||   434
         Broad axe         |       |       |    36 |   192 ||   228
  Throw: Boomerang         |       |     7 |    58 |       ||    65
    Use: Scroll            |     7 |     7 |    11 |     4 ||    29
         Potion            |     2 |       |     2 |     6 ||    10
 Armour: Scale mail        |    24 |       |       |       ||    24
         Plate armour      |    28 |    96 |   245 |   190 ||   559
  Dodge: Dodged            |    25 |    40 |    84 |   109 ||   258
  Block: Buckler           |    11 |    38 |    49 |    52 ||   150

Table legend:
 A = Non-vault XP
 B = Vault XP
 C = Vault XP percentage of total XP
 D = Non-vault monster count
 E = Vault monster count
 F = Vault count percentage of total count
                 A         B        C        D         E       F
            +---------+---------+-------+---------+---------+-------
      Total |    4179 |    6116 |  59.4 |     154 |      54 |  26.0
            +---------+---------+-------+---------+---------+-------
        D:1 |      34 |       0 |   0.0 |      13 |       0 |   0.0
        D:2 |      40 |       0 |   0.0 |      15 |       0 |   0.0
        D:3 |     146 |      36 |  19.8 |      23 |       1 |   4.2
        D:4 |     261 |       0 |   0.0 |      22 |       0 |   0.0
        D:5 |     716 |       0 |   0.0 |      26 |       0 |   0.0
        D:6 |     965 |     683 |  41.4 |      15 |       8 |  34.8
        D:7 |     290 |     733 |  71.7 |       9 |       7 |  43.8
        D:8 |     780 |       0 |   0.0 |      15 |       0 |   0.0
        D:9 |     621 |    3507 |  85.0 |      10 |      10 |  50.0
       D:10 |     326 |       0 |   0.0 |       6 |       0 |   0.0
    Ossuary |       0 |    1157 | 100.0 |       0 |      28 | 100.0
            +---------+---------+-------+---------+---------+-------
